 Dungeon Crawl Stone Soup version 0.30-a0-371-gad7725a93e (webtiles) character file.

Game seed: 17676024086426035750

294 Elric the Trooper (level 6, -1/39 HPs)
             Began as a Gargoyle Fighter on Nov 21, 2022.
             Killed by divine providence
             ... invoked by an orc priest
              (12 damage)
             ... on level 4 of the Dungeon.
             The game lasted 00:04:59 (2433 turns).

Elric the Trooper (Gargoyle Fighter)                Turns: 2433, Time: 00:04:59

Health: -1/39      AC: 16    Str: 21    XL:     6   Next: 33%
Magic:  7/7        EV:  7    Int: 13    God:
Gold:   257        SH:  5    Dex: 15    Spells: 4/7 levels left

rFire   + . .      SeeInvis +    a - +0 war axe
rCold   . . .      Faith    .    c - +0 buckler
rNeg    + . .      Spirit   .    p - +3 chain mail of Daseo {rPois rF+ Int+4 SInv}
rPois   ∞          Reflect  .    (no helmet)
rElec   +          Harm     .    (no cloak)
rCorr   .          Rampage  .    (no gloves)
Will    .....                    (no boots)
Stlth   ..........               o - amulet of regeneration
HPRegen 1.06/turn                m - +6 ring of dexterity
MPRegen 0.10/turn                (no ring)

@: no status effects
A: sickness immunity, AC +4, negative energy resistance 1, electricity
resistance, torment resistance 1, petrification resistance
a: no special abilities


You were on level 4 of the Dungeon.
You visited 1 branch of the dungeon, and saw 4 of its levels.

You collected 257 gold pieces.

Inventory:

Hand Weapons
 a - a +0 war axe (weapon)
Armour
 c - a +0 buckler (worn)
 p - the +3 chain mail of Daseo (worn) {rPois rF+ Int+4 SInv}
   (You found it on level 2 of the Dungeon)

   Int:       It affects your intelligence (+4).
   rF:        It protects you from fire.
   rPois:     It protects you from poison.
   SInv:      It lets you see invisible.
Jewellery
 m - a +6 ring of dexterity (left hand)
 o - an amulet of regeneration (around neck)
Scrolls
 e - 2 scrolls of identify {unknown}
 g - 5 scrolls of teleportation {unknown}
 h - 2 scrolls of magic mapping {unknown}
 i - a scroll of silence {unknown}
 j - a scroll of enchant armour {unknown}
 l - 3 scrolls of torment {unknown}
 n - a scroll of blinking {unknown}
 s - a scroll of fog {unknown}
 t - a scroll of poison {unknown}
Potions
 b - a potion of resistance {unknown}
 d - a potion of might
 f - a potion of berserk rage {unknown}
 k - 3 potions of curing {unknown}
 q - 2 potions of flight {unknown}
 r - 2 potions of invisibility {unknown}
 u - a potion of brilliance {unknown}


   Skills:
 + Level 4.5 Fighting
 + Level 3.2 Axes
 - Level 4.2 Armour
 - Level 4.2 Shields
 + Level 1.0 Spellcasting
 + Level 1.2 Conjurations
 + Level 0.9 Air Magic
 + Level 1.1 Poison Magic


You had 4 spell levels left.
You knew the following spells:

 Your Spells              Type           Power      Damage    Failure   Level
a - Mephitic Cloud        Conj/Pois/Air  3%         N/A       99%         3

Your spell library contained the following spells:

 Spells                   Type           Power      Damage    Failure   Level
 Magic Dart               Conj           12%        1d3       90%         1
 Call Imp                 Summ           0%         N/A       99%         2


Dungeon Overview and Level Annotations

Branches:
Dungeon (4/15)
 Temple: D:4-7

Altars:
Kikubaaqudgha
Okawaru
Uskayaw


Innate Abilities, Weirdness & Mutations

You are immune to sickness and miasma.
Your stone body is resilient. (AC +4)
You are immune to poison.
You resist negative energy. (rN+)
You are resistant to electric shocks. (rElec)
You are resistant to unholy torment.
You are immune to petrification.


Message History

The orc priest miscasts a cantrip.
The orc hits you but does no damage.
You closely miss the orc.
The orc is heavily wounded.
You block the orc's attack.
You barely miss the orc.
The orc is heavily wounded.
The orc hits you but does no damage.
You slash the orc!
You kill the orc!
The orc priest calls down the wrath of Beogh upon you.
Beogh smites you!
You are too injured to fight recklessly!
You are too injured to fight recklessly!
You are too injured to fight recklessly!
You are too injured to fight recklessly!
You are too injured to fight recklessly!
You are too injured to fight recklessly!
You are too injured to fight recklessly!
You closely miss the orc.
The orc is heavily wounded.
The orc hits you with a +0 dagger. The orc closely misses you.
You slash the orc!
You kill the orc!
The orc priest looks satisfied for a moment.
You closely miss the orc. The orc closely misses you. x2
The orc priest calls down the wrath of Beogh upon you.
Beogh smites you!
* * * LOW HITPOINT WARNING * * *
You barely miss the orc. The orc hits you but does no damage.
You hit the orc.
The orc is moderately wounded.
The orc hits you with a +0 club.
* * * LOW HITPOINT WARNING * * *
You barely miss the orc.
The orc is moderately wounded.
The orc hits you but does no damage.
The orc priest invokes the aid of Beogh against you.
Beogh smites you!
You die...

##############
#...oo@......#
......#######.#
##.##.#######.#
#####
#........#####...#
.#######.........#
#)#####...##
#.##........
#.#.........
#######...........


You could see an orc priest and an orc.

Vanquished Creatures
  A scorpion (D:4)
  A jelly (D:4)
  Jessica (D:2)
  An iguana (D:4)
  An orc wizard (D:4)
  Robin (D:3)
  A gnoll (D:1)
  2 adders (D:3)
  4 worms
  4 orcs (D:4)
  4 bats
  A bat zombie (D:3)
  3 endoplasms
  2 giant cockroaches
  12 goblins
  12 hobgoblins
  7 jackals
  2 quokkas
  4 ball pythons
  4 frilled lizards
  3 kobolds
  4 rats
75 creatures vanquished.

Notes
Turn   | Place    | Note
-------+----------+-------------------------------------------
     0 | D:1      | Elric the Gargoyle Fighter began the quest for the Orb.
     0 | D:1      | Reached XP level 1. HP: 14/14 MP: 1/1
   330 | D:1      | Reached XP level 2. HP: 16/19 MP: 2/2
   698 | D:1      | Reached XP level 3. HP: 21/24 MP: 3/3
  1034 | D:2      | Identified the +3 chain mail of Daseo {rPois rF+ Int+4
                  | SInv}
  1282 | D:2      | Noticed Jessica
  1284 | D:2      | Killed Jessica
  1285 | D:2      | Reached XP level 4. HP: 29/29 MP: 4/4
  1506 | D:3      | Noticed Robin
  1702 | D:3      | Killed Robin
  1831 | D:3      | Reached XP level 5. HP: 33/33 MP: 5/5
  1893 | D:3      | Learned a level 3 spell: Mephitic Cloud
  1955 | D:3      | Found an iron altar of Okawaru.
  2046 | D:3      | Found an ancient bone altar of Kikubaaqudgha.
  2177 | D:4      | Found a hide-covered altar of Uskayaw.
  2296 | D:4      | Reached XP level 6. HP: 33/39 MP: 5/7
  2381 | D:4      | Reached skill level 1 in Spellcasting
  2381 | D:4      | Reached skill level 1 in Conjurations
  2381 | D:4      | Reached skill level 1 in Poison Magic
  2433 | D:4      | Killed from afar by an orc priest

Illustrated notes

Levels and vault maps discovered:
D:1:      roderic_crossed_star, layout_loops_ring
D:2:      layout_loops_cross, minivault_4, uniq_jessica
D:3:      layout_rooms, lemuel_zombie_altar_kikubaaqudgha,
          mainiacjoe_overflow_alcove_4, uniq_robin
D:4:      layout_loops_ring, mainiacjoe_overflow_paths, jmf_multi_god_temple,
          nicolae_elevator_lobby_asterisk

Skill      XL: |  1  2  3  4  5  6 |
---------------+-------------------+-----
Axes           | 2 3 |  3.2
Shields        | 4 |  4.2
Fighting       | 4 |  4.5
Armour         | 4 |  4.2
Spellcasting   | 1 |  1.0
Conjurations   | 1 |  1.2
Poison Magic   | 1 |  1.1
Air Magic      | |  0.9

Action                   |  1- 3 |  4- 6 || total
-------------------------+-------+-------++-------
Melee: War axe           |    81 |   120 ||   201
Armor: Scale mail        |    34 |       ||    34
       Chain mail        |       |   102 ||   102
Dodge: Dodged            |    30 |    48 ||    78
Block: Buckler           |    18 |    39 ||    57

Table legend: (Time is in decaauts)
 A = Elapsed time spent in this place.
 B = Non-inter-level travel time spent in this place.
 C = Inter-level travel time spent in this place.
 D = Time resting spent in this place.
 E = Time spent auto-exploring this place.
 F = Levels seen in this place.
 G = Mean time per level.
                   A        B        C        D        E       F      G
               +--------+--------+--------+--------+--------+-----+--------+
         Total |   2517 |   2370 |    147 |    157 |   1707 |   4 |  629.2 |
       Dungeon |   2517 |   2370 |    147 |    157 |   1707 |   4 |  629.2 |
               +--------+--------+--------+--------+--------+-----+--------+

Top non-repeatable levels by time:
     D:2: 867 daAuts
     D:1: 818 daAuts
     D:3: 516 daAuts
     D:4: 314 daAuts
